 Dungeon Crawl Stone Soup version 0.17-a0-1533-g2f57bce (webtiles) character file.

136 Pandaemon the Chiller (level 4, -2/36 HPs)
             Began as a Draconian Ice Elementalist on July 16, 2015.
             Slain by Crazy Yiuf
             ... wielding a +3 quarterstaff of chaos
              (3 damage)
             ... on level 3 of the Dungeon.
             The game lasted 00:18:09 (2878 turns).

Pandaemon the Chiller (Draconian Ice Elementalist)  Turns: 2878, Time: 00:18:09

Health: -2/36      AC:  5    Str: 10    XL:     4   Next: 98%
Magic:  2/8        EV: 12    Int: 17    God:
Gold:   124        SH:  0    Dex: 11    Spells: 3 memorised, 2 levels left

rFire  . . .     SeeInvis .     d - +0 falchion (curse)
rCold  . . .     Clarity  .     (armour unavailable)
rNeg   . . .     SustAt   .     (no shield)
rPois  .         Gourm    .     (helmet restricted)
rElec  .         Spirit   .     (no cloak)
rCorr  .         Warding  .     (no gloves)
rMut   .         Stasis   .     (no boots)
MR     .....                    (no amulet)
Stlth  ++........               (no ring)
                                (no ring)

@: lethally poisoned (-2 -> -9), very slightly contaminated, not resistant to
hostile enchantments, unstealthy
A: unfitting armour, cold-blooded, AC +5
a: no special abilities


You were on level 3 of the Dungeon.
You were not hungry.

You visited 1 branch of the dungeon, and saw 3 of its levels.

You collected 124 gold pieces.

Inventory:

Hand weapons
 d - a cursed +0 falchion (weapon)
 i - a +0 club
 j - a +0 club
 l - a +0 short sword
Missiles
 e - 193 stones (quivered)
 g - 15 arrows of dispersal
 h - 10 poisoned needles
 m - 18 arrows
Armour
 n - a cursed +0 helmet
Scrolls
 k - a scroll of remove curse
Potions
 b - 2 potions of beneficial mutation {unknown}
 c - a potion of cancellation {unknown}
 f - a potion of magic
 p - a potion of invisibility {unknown}
Books
 a - a book of Frost

   Spells                             Type                      Level
   a - Freeze                         Ice                          1
   b - Throw Frost                    Conjuration/Ice              2
   c - Ozocubu's Armour               Charms/Ice                   3
   d - Throw Icicle                   Conjuration/Ice              4
   e - Summon Ice Beast               Ice/Summoning                4
   f - Condensation Shield            Ice                          4
 o - a book of Ice

   Spells                             Type                      Level
   a - Ice Form                       Ice/Transmutation            4
   b - Metabolic Englaciation         Hexes/Ice                    5
   c - Ozocubu's Refrigeration        Ice                          6
   d - Bolt of Cold                   Conjuration/Ice              6
   e - Freezing Cloud                 Conjuration/Ice/Air          6
   f - Simulacrum                     Ice/Necromancy               6
Comestibles
 q - 3 fruits
 r - a meat ration


   Skills:
 * Level 1.9 Fighting
 + Level 0.2 Long Blades
 + Level 0.2 Maces & Flails
 + Level 2.8 Dodging
 - Level 1.7 Stealth
 * Level 3.0 Spellcasting
 + Level 1.2 Conjurations
 * Level 3.7 Ice Magic


You had 2 spell levels left.
You knew the following spells:

 Your Spells              Type           Power        Failure   Level  Hunger
a - Freeze                Ice            ###.         3%          1    None
b - Throw Frost           Conj/Ice       ##....       12%         2    ##.....
c - Condensation Shield   Ice            ###.......   38%         4    ####...


Dungeon Overview and Level Annotations

Branches:
Dungeon (3/15)

Altars:
Ashenzari
Fedhas

Annotations:
D:3 Crazy Yiuf


Innate Abilities, Weirdness & Mutations

Your plain brown scales are hard (AC +5).
Your body does not fit into most forms of armour.
You are cold-blooded and may be slowed by cold attacks.


Message History

Crazy Yiuf screams, "Dawk!
Castle infinity aubergine."
Crazy Yiuf completely misses you.
You hit Crazy Yiuf but do no damage. You tail-slap Crazy Yiuf.
Crazy Yiuf is severely wounded.
You feel sick.
Crazy Yiuf hits you with a quarterstaff of chaos.
You hit Crazy Yiuf.
Crazy Yiuf is almost dead.
You feel sick.
Crazy Yiuf hits you with a quarterstaff of chaos.
* * * LOW HITPOINT WARNING * * *
You hit Crazy Yiuf.
You tail-slap Crazy Yiuf, but do no damage.
Crazy Yiuf is almost dead.
* * * LOW HITPOINT WARNING * * *
You feel sick.
Crazy Yiuf hits you with a quarterstaff of chaos.
* * * LOW HITPOINT WARNING * * *
Crazy Yiuf hits you with a quarterstaff of chaos.
You die...

............#
#..........##
#..........#
############ #####
#)..# #...# ... ##
#g# .# ♣@♣♣ .# ♣♣.♣
.# ♣.♣♣ .# ♣♣.♣ .#
♣♣.♣♣ .# ♣♣...♣ .#
♣....♣ .###########
#....#
...........####....#


You could see Crazy Yiuf.

Vanquished Creatures
  Ijyb (D:2)
  3 gnolls (D:3)
  4 adders (D:2)
  An ooze (D:2)
  2 orcs (D:3)
  4 ball pythons
  A giant cockroach (D:1)
  2 goblins
  3 hobgoblins (D:1)
  8 kobolds
  8 bats
  5 giant newts
  4 rats
46 creatures vanquished.

Notes
Turn   | Place    | Note
--------------------------------------------------------------
     0 | D:1      | Pandaemon the Draconian Ice Elementalist began the quest for the Orb.
     0 | D:1      | Reached XP level 1. HP: 14/14 MP: 3/3
   270 | D:1      | Reached XP level 2. HP: 12/20 MP: 1/5
   430 | D:1      | Learned a level 2 spell: Throw Frost
   766 | D:1      | You fall through a shaft!
  1026 | D:2      | Reached XP level 3. HP: 4/27 MP: 1/6
  1335 | D:2      | Noticed Ijyb
  1365 | D:2      | Killed Ijyb
  1365 | D:2      | Reached skill level 1 in Fighting
  1365 | D:2      | Reached XP level 4. HP: 20/35 MP: 4/8
  1503 | D:2      | Learned a level 4 spell: Condensation Shield
  2752 | D:3      | Found a shattered altar of Ashenzari.
  2752 | D:3      | Found a blossoming altar of Fedhas.
  2869 | D:3      | Noticed Crazy Yiuf
  2878 | D:3      | HP: 1/36 [Crazy Yiuf/quarterstaff of chaos (6)]
  2878 | D:3      | Slain by Crazy Yiuf

Vault maps used:
D:1:      lemuel_arrival_tunnels
D:2:      first_bread, uniq_iyjb
D:3:      grunt_temple_overflow_open, kennysheep_generic_room_3,
          uniq_crazy_yiuf_cottage

Action                   |  1- 3 |  4- 6 || total
-------------------------+-------+-------++-------
Melee: Unarmed           |    17 |       ||    17
       Club              |    35 |       ||    35
       Falchion          |    46 |    42 ||    88
 Cast: Freeze            |    11 |     6 ||    17
       Throw Frost       |     6 |    20 ||    26
  Use: Scroll            |     3 |     2 ||     5
       Potion            |     2 |     3 ||     5
  Eat: Bread ration      |     1 |     1 ||     2
